 Dungeon Crawl Stone Soup version 0.31-a0-354-g827e0957a7 (webtiles) character file.

Game seed: 8847021970887953570

219 Locuples the Magician (level 5, -4/28 HPs)
             Began as a Deep Elf Earth Elementalist on July 24, 2023.
             Was an Initiate of Qazlal.
             Slain by an ogre
             ... wielding a +0 giant spiked club
              (8 damage)
             ... on level 5 of the Dungeon.
             The game lasted 00:09:15 (2740 turns).

Locuples the Magician (Deep Elf Earth Elementalist) Turns: 2740, Time: 00:09:15

Health: -4/28      AC:  4    Str:  5    XL:     5   Next: 64%
Magic:  10/15      EV: 12    Int: 22    God:    Qazlal [......]
Gold:   258        SH:  0    Dex: 15    Spells: 10/16 levels left

rFire   . . .        n - staff of poison
rCold   . . .        (no shield)
rNeg    . . .        a - +0 robe
rPois   +            m - +2 hat
rElec   .            (no cloak)
rCorr   .            (no gloves)
SInv    .            (no boots)
Will    +....        (no amulet)
Stlth   ++           o - ring of willpower
HPRegen 0.24/turn    (no ring)
MPRegen 0.14/turn

%: no passive effects
@: no status effects
A: no striking features
a: Renounce Religion


You were on level 5 of the Dungeon.
You worshipped Qazlal.
Qazlal was noncommittal.
You visited 1 branch of the dungeon, and saw 5 of its levels.

You collected 258 gold pieces.

Inventory:

Armour
 a - a +0 robe (worn)
 m - a +2 hat (worn)
Magical Staves
 n - a staff of poison (weapon)
Jewellery
 o - a ring of willpower (left hand)
Scrolls
 c - 2 scrolls of amnesia {unknown}
 d - 3 scrolls of identify {unknown}
 e - 2 scrolls of revelation {unknown}
 f - 2 scrolls of summoning {unknown}
 i - 3 scrolls of teleportation {unknown}
 k - a scroll of vulnerability {unknown}
 l - a scroll of acquirement {unknown}
 p - a scroll of blinking {unknown}
Potions
 b - 2 potions of magic
 g - 3 potions of degeneration {unknown}
 h - a potion of curing {unknown}
 j - a potion of attraction {unknown}


   Skills:
 - Level 2.4 Dodging
 - Level 2.4 Stealth
 * Level 6.0 Spellcasting
 - Level 1.1 Transmutations
 * Level 5.5 Earth Magic


You had 10 spell levels left.
You knew the following spells:

 Your Spells              Type           Power      Damage    Failure   Level
a - Sandblast             Erth           60%        2d14      1%          1
b - Stone Arrow           Conj/Erth      36%        3d9       9%          3
c - Passwall              Tmut/Erth      17%        N/A       3%          2

Your spell library contained the following spells:

 Spells                   Type           Power      Damage    Failure   Level
 Petrify                  Tmut/Erth      21%        N/A       24%         4


Dungeon Overview and Level Annotations

Branches:
Dungeon (5/15)
 Temple: D:4-7

Altars:
Dithmenos
Elyvilon
Makhleb
Nemelex Xobeh
Okawaru
Qazlal
Trog

Shops:
D:4 *


Message History

Aiming: Sandblast (safe; 1% risk of failure)
Press: ? - help, Q - select action, (/) - cycle Shift-Dir - straight line
Okay, then.
There is a stone staircase leading up here.
You open the door.
An ogre comes into view. It is wielding a +0 giant spiked club.
The ogre shouts!
There is an open door here.
Aiming: Sandblast (safe; 1% risk of failure)
Press: ? - help, Q - select action, (/) - cycle Shift-Dir - straight line, f - hound
Aim: a hound (78% to hit)
The blast of sand hits the hound!
The hound is heavily wounded.
The hound closely misses you. The hound misses you. x2
Aiming: Sandblast (safe; 1% risk of failure)
Press: ? - help, Q - select action, (/) - cycle Shift-Dir - straight line, f/p - hound
Aim: a hound (heavily wounded, 78% to hit)
The blast of sand hits the hound!
You kill the hound!
Qazlal accepts your kill.
Your Spellcasting skill increases to level 6!
Aiming: Sandblast (safe; 1% risk of failure)
Press: ? - help, Q - select action, (/) - cycle Shift-Dir - straight line, f - ogre
Aim: an ogre, wielding a +0 giant spiked club (92% to hit)
The blast of sand hits the ogre!!
The ogre is severely wounded.
The ogre hits you with a +0 giant spiked club!!
Ouch! That really hurt!
The ogre attacks as you move away!
The ogre hits you with a +0 giant spiked club!
* * * LOW HITPOINT WARNING * * *
The ogre barely misses you.
Casting: Sandblast (safe; 1% risk of failure)
Confirm with . or Enter, or press ? or * to list all spells.
Aiming: Passwall (safe; 3% risk of failure)
Press: ? - help, Dir - move target, p - ogre A rock wall.
You begin to meditate on the wall.
You continue meditating on the rock.
The ogre hits you with a +0 giant spiked club!
You die...

...##.......#
+..........#
#.....<....#
#..........#
#...#'####......
#.. #..<.#......
#. #....# .....
# #..O.# .....
#...@# ....
#....# ....
#...## #####


You could see an ogre.

Vanquished Creatures
  An ice beast (D:5)
  A hound (D:5)
  3 adders
  An ufetubus (D:4)
  2 worms
  2 dart slugs
  An orc (D:4)
  6 endoplasms
  3 giant cockroaches
  9 goblins
  8 hobgoblins
  4 quokkas
  6 ball pythons
  3 bats
  3 frilled lizards
  4 rats
57 creatures vanquished.

Notes
Turn   | Place    | Note
-------+----------+-------------------------------------------
     0 | D:1      | Locuples the Deep Elf Earth Elementalist began the quest
                  | for the Orb.
     0 | D:1      | Reached XP level 1. HP: 10/10 MP: 6/6
   274 | D:1      | Reached XP level 2. HP: 15/15 MP: 6/8
   918 | D:2      | Reached XP level 3. HP: 19/19 MP: 7/10
  1162 | D:2      | Reached skill level 4 in Spellcasting
  1188 | D:2      | Found a faded altar of an unknown god.
  1977 | D:4      | Reached XP level 4. HP: 19/24 MP: 10/12
  1983 | D:4      | Found a bloodstained altar of Trog.
  2298 | D:4      | Found Qiweurac's Assorted Antiques.
  2425 | D:4      | Found a sparkling altar of Nemelex Xobeh.
  2429 | D:4      | Found a burning altar of Makhleb.
  2430 | D:4      | Found a white marble altar of Elyvilon.
  2431 | D:4      | Found a shadowy altar of Dithmenos.
  2435 | D:4      | Found an iron altar of Okawaru.
  2458 | D:4      | Found a stormy altar of Qazlal.
  2486 | D:4      | Became a worshipper of Qazlal Stormbringer
  2679 | D:5      | Entered Level 5 of the Dungeon
  2679 | D:5      | Noticed an ice beast
  2687 | D:5      | Killed an ice beast
  2688 | D:5      | Reached skill level 5 in Spellcasting
  2688 | D:5      | Reached skill level 5 in Earth Magic
  2688 | D:5      | Reached XP level 5. HP: 28/28 MP: 10/15
  2692 | D:5      | Learned a level 3 spell: Stone Arrow
  2723 | D:5      | Learned a level 2 spell: Passwall
  2730 | D:5      | Noticed an ogre
  2733 | D:5      | Reached skill level 6 in Spellcasting
  2740 | D:5      | Slain by an ogre

Illustrated notes

Levels and vault maps discovered:
D:1:      wander_arrival_lonely_grave, layout_loops_ring, chequers_mini_garden
D:2:      layout_rooms, ebering_ecumenical_altar_rust
D:3:      layout_rooms
D:4:      layout_rooms, minitemple, trog_book, old_standard_altar, serial_shops,
          nicolae_shop_rolling_square
D:5:      layout_gridville, nicolae_ru_great_annihilating_truth,
          vehumet_altar_wand_db

Skill      XL: |  1  2  3  4  5 |
---------------+----------------+-----
Earth Magic    | 4 5 |  5.5
Spellcasting   | 4 5 6 |  6.0
Dodging        | |  2.4
Stealth        | |  2.4
Transmutations | |  1.1

Action                     |  1- 3 |  4- 6 || total
---------------------------+-------+-------++-------
   Cast: Sandblast         |    51 |    33 ||    84
         Passwall          |       |     2 ||     2
 Armour: Robe              |     3 |     2 ||     5
  Dodge: Dodged            |     3 |    14 ||    17

Table legend: (Time is in decaauts)
 A = Elapsed time spent in this place.
 B = Non-inter-level travel time spent in this place.
 C = Inter-level travel time spent in this place.
 D = Time resting spent in this place.
 E = Time spent auto-exploring this place.
 F = Levels seen in this place.
 G = Mean time per level.
                   A        B        C        D        E       F      G
               +--------+--------+--------+--------+--------+-----+--------+
         Total |   2780 |   2678 |    102 |    191 |   2077 |   5 |  556.0 |
       Dungeon |   2780 |   2678 |    102 |    191 |   2077 |   5 |  556.0 |
               +--------+--------+--------+--------+--------+-----+--------+

Top non-repeatable levels by time:
     D:1: 919 daAuts
     D:4: 719 daAuts
     D:2: 684 daAuts
     D:3: 392 daAuts
     D:5: 63 daAuts
